 Dungeon Crawl Stone Soup version 0.32-a0-607-g64ea0e4219 (webtiles) character file.

Game seed: 10746945942649047533

44 ezpacito the Chopper (level 3, 0/29 HPs)
             Began as a Coglin Chaos Knight on Mar 3, 2024.
             Was a Plaything of Xom.
             Slain by Ijyb
             ... wielding a +0 dagger
              (1 damage)
             ... on level 3 of the Dungeon.
             The game lasted 00:03:00 (1655 turns).

ezpacito the Chopper (Coglin Chaos Knight)          Turns: 1655, Time: 00:03:00

Health: 0/29       AC:  5    Str: 14    XL:     3   Next: 60%
Magic:  3/3        EV: 11    Int: 11    God:    Xom [..*...]
Gold:   101        SH:  0    Dex: 13    Spells: 2/2 levels left

rFire   . . .        a - +0 hand axe (chaos) {Æðelind}
rCold   . . .        g - +0 spear {Annika}
rNeg    . . .        b - +2 leather armour
rPois   .            (no helmet)
rElec   .            (no cloak)
rCorr   .            (no gloves)
SInv    .            (no boots)
Will    +....        (amulet unavailable)
Stlth   +            (ring unavailable)
HPRegen 0.24/turn    (ring unavailable)
MPRegen 0.08/turn    (no gizmo)

%: no passive effects
@: enlightened, flying, hasted, revving, very quick
A: off-hand wielding, slow wielding, warmup strikes, no jewellery
a: Invent Gizmo, Renounce Religion


You were on level 3 of the Dungeon.
You worshipped Xom.
You were a toy of Xom.
You visited 1 branch of the dungeon, and saw 5 of its levels.

You collected 101 gold pieces.

Inventory:

Hand Weapons
 a - a +0 hand axe of chaos (weapon) {Æðelind}
 d - a +0 dagger {Agam}
 g - a +0 spear (offhand) {Annika}
Armour
 b - a +2 leather armour (worn)
Magical Staves
 m - a staff of death
 o - a staff of earth
Scrolls
 e - 2 scrolls of identify {unknown}
 h - a scroll of blinking {unknown}
 i - a scroll of vulnerability {unknown}
 k - a scroll of teleportation {unknown}
 n - a scroll of immolation {unknown}
Potions
 j - a potion of enlightenment


   Skills:
 * Level 3.2 Fighting
 * Level 3.4 Axes
 + Level 0.3(1.9) Polearms
 * Level 2.1 Armour
 * Level 1.3 Dodging
 + Level 0.5 Stealth
 + Level 0.5 Unarmed Combat
 + Level 0.3 Spellcasting
 + Level 0.0 Necromancy
 * Level 0.0 Evocations


You had 2 spell levels left.
You didn't know any spells.
Your spell library contained the following spells:

 Spells                   Type           Power      Damage    Failure   Level
 Sandblast                Erth           0%         2d4       38%         1
 Passwall                 Erth           0%         N/A       77%         3
 Stone Arrow              Conj/Erth      0%         3d7       77%         3
 Brom's Barrelling Bould  Conj/Erth      0%         2d3       99%         4


Dungeon Overview and Level Annotations

Branches:
Dungeon (5/15)
 Temple: D:4-7

Altars:

Shops:
D:2 =

Annotations:
D:3 Ijyb


Innate Abilities, Weirdness & Mutations

You can wield a second weapon in your off-hand.
It takes a long time for you to wield or remove held weapons.
Your first few attacks do less damage.
You cannot equip rings or amulets.


Message History

Ijyb shouts!
Health restored: 29 A hobgoblin comes into view.
Ijyb zaps a wand.
Your mind is blasted!
Ouch! That really hurt!
You take 19 damage, and have 10/29 hp.
MASSIVE DAMAGE!!
Okay, then.
As you read the scroll of butterflies, it crumbles to dust.
You hear the flapping of tiny wings.
Ijyb is knocked back by the sudden gust.
It was a potion of enlightenment.
You feel very buoyant.
You fly up into the air.
Xom thinks this is hilarious!
The hobgoblin completely misses your butterfly.
It was a potion of haste.
You feel yourself speed up.
The hobgoblin completely misses your butterfly.
Ijyb hits your butterfly with a +0 dagger.
Your butterfly dies!
Your butterfly disappears in a burst of colours!
It was a potion of heal wounds.
You feel much better.
The hobgoblin completely misses your butterfly.
Health restored: 29 You swap places.
Ijyb zaps a wand.
Your mind is blasted!
The hobgoblin misses your butterfly.
You take 8 damage, and have 21/29 hp.
MASSIVE DAMAGE!!
Ijyb zaps a wand.
Your mind is blasted!
Ouch! That really hurt!
* * * LOW HITPOINT WARNING * * *
You take 20 damage, and have 1/29 hp.
MASSIVE DAMAGE!!
You hit Ijyb with your +0 hand axe of chaos.
Ijyb convulses.
Ijyb is lightly wounded.
You hit Ijyb but do no damage.
The hobgoblin closely misses your butterfly.
You hit Ijyb with your +0 spear.
Ijyb is moderately wounded.
You hit Ijyb but do no damage.
Ijyb appears confused.
Ijyb hits you with a +0 dagger.
You die... .....#####. ....b..... .......... ...b..... ...b..... . #...... .. #gbg#

... #@bb# .... +.bb#
.....###########bbb#
......>.......##b.b##
.....#.........bbb.b+
...# ##........b.b.b#
.. ##...........bb..
#.......bbbbb..#
###............#


You could see Ijyb (confused, ally target) and a hobgoblin (ally target).

Vanquished Creatures
  2 dart slugs
  An orc (D:5)
  3 ball pythons
  3 bats
  2 endoplasms
  3 giant cockroaches (D:1)
  7 goblins
  5 hobgoblins
  2 quokkas (D:1)
  A kobold (D:1)
  2 rats
31 creatures vanquished.

Notes
Turn   | Place    | Note
-------+----------+-------------------------------------------
     0 | D:1      | ezpacito the Coglin Chaos Knight began the quest for the
                  | Orb.
     0 | D:1      | Reached XP level 1. HP: 18/18 MP: 1/1
    76 | D:1      | Reached skill level 1 in Dodging
    97 | D:1      | Reached XP level 2. HP: 24/24 MP: 2/2
   156 | D:1      | XOM: silly message
   561 | D:1      | XOM: silly message
   649 | D:1      | XOM: noise
   665 | D:1      | Reached XP level 3. HP: 29/29 MP: 3/3
  1075 | D:1      | XOM is BORED!
  1075 | D:1      | XOM: silly message
  1131 | D:2      | XOM: noise
  1139 | D:2      | XOM: divination: detect creatures
  1495 | D:2      | Found Optampa's Jewellery Boutique.
  1583 | D:3      | You fall into a shaft and drop 2 floors!
  1583 | D:5      | Entered Level 5 of the Dungeon
  1643 | D:3      | Noticed Ijyb
  1653 | D:3      | HP: 1/29 [disintegration (20)]
  1655 | D:3      | Slain by Ijyb

Illustrated notes

Levels and vault maps discovered:
D:1:      evilmike_arrival_fibonacci_small, layout_loops_corners, serial_forest,
          infiniplex_forest_clump_medium, infiniplex_forest_3_way,
          infiniplex_forest_straight_2, infiniplex_forest_straight_3,
          infiniplex_forest_clump_cross, infiniplex_forest_end_1,
          grunt_decor_fettered, minmay_door_square, amethyst_killhole,
          dk_noncrumbling_2
D:2:      layout_basic, serial_shops, nicolae_shop_pleasant_corner_grove,
          chequers_serial_rivers_small_b, grunt_ministairs_14
D:3:      minmay_wonky_spiral, layout_basic,
          shapermc_ecumenical_altar_mp_ritualfount, minivault_4, uniq_robin,
          uniq_ijyb, uniq_terence
D:4:      layout_basic, uniq_natasha
D:5:      layout_loops_ring

Skill      XL: |  1  2 |
---------------+-------+-----
Dodging        | 1 |  1.3
Armour         | 2 |  2.1
Fighting       | |  3.2
Axes           | |  3.4
Polearms       | |  0.3
Stealth        | |  0.5
Unarmed Combat | |  0.5
Spellcasting   | |  0.3

Action                     || total
---------------------------++-------
  Melee: Hand axe          ||    58
         Dagger            ||    22
         Spear             ||    45
    Use: Potion            ||     3
         Scroll            ||     1
   Stab: Petrifying        ||     2
 Armour: Leather armour    ||    36
  Dodge: Dodged            ||    36

Table legend: (Time is in decaauts)
 A = Elapsed time spent in this place.
 B = Non-inter-level travel time spent in this place.
 C = Inter-level travel time spent in this place.
 D = Time resting spent in this place.
 E = Time spent auto-exploring this place.
 F = Levels seen in this place.
 G = Mean time per level.
                   A        B        C        D        E       F      G
               +--------+--------+--------+--------+--------+-----+--------+
         Total |   1658 |   1588 |     70 |      0 |   1177 |   5 |  331.6 |
       Dungeon |   1658 |   1588 |     70 |      0 |   1177 |   5 |  331.6 |
               +--------+--------+--------+--------+--------+-----+--------+

Top non-repeatable levels by time:
     D:1: 1133 daAuts
     D:2: 437 daAuts
     D:3: 43 daAuts
     D:5: 29 daAuts
     D:4: 14 daAuts
